AoeStats
← Gold Please

Nomad

509578429Analyzed
2v2 RM · 3d ago on Sep 27, 2026· 29m 12s· 4 players
Game mode
Random Map
Map size
176×176
Population
200
Speed
Normal
Resources
Standard
Victory
Conquest
Starting age
Dark Age
Ending age
Imperial Age
RankedLock teamsTeams togetherTeam positionsShared explorationLock speedFull tech treeHidden civsTurbo modeCheats
Victory
Defeat
🇨🇿 Koreans · Czechia
1833
+4
🇨🇿 Persians · Czechia
1833
+4
🇯🇵 Varangians · Japan
1530
-4
🇻🇳 Huns · Vietnam
1480
-4
Skull
4:48 Loom
12:33 Feudal Age
16:45 Castle Age
20:24 Double-Bit Axe
21:43 Bow Saw
24:27 Fletching
Nasup
13:07 Feudal Age
16:35 Castle Age
15:28 Forging
16:01 Loom
16:25 Light Cavalry
22:08 Double-Bit Axe
22:53 Medium Warships
25:39 Horse Collar
27:20 Scale Barding Armor
28:49 Bloodlines
29:37 Chain Barding Armor
DALAT_M<O>NGKHAN
5:11 Loom
13:36 Feudal Age
16:25 Double-Bit Axe
Gold Please
13:27 Feudal Age
14:47 Double-Bit Axe
17:03 Castle Age
16:10 Forging
17:57 Bow Saw
18:10 Medium Warships
19:48 Horse Collar
21:01 Wheelbarrow
21:07 Fletching
21:17 Gold Mining
21:18 Stone Mining
21:44 Fishing Lines
21:55 Loom
24:46 Horse Collar
Connection lost

Rejoining the realm…

Still unreachable

The connection could not be restored.

Session expired

The server has moved on; the page needs a fresh start.